 Dungeon Crawl Stone Soup version 0.23.1 (webtiles) character file.

Game seed: 4867129943952635269

253 teukkam the Shield-Bearer (level 5, -1/48 HPs)
             Began as a Minotaur Fighter on Mar 13, 2019.
             Slain by an ogre
             ... wielding a +0 giant club
              (12 damage)
             ... on level 4 of the Dungeon.
             The game lasted 00:03:34 (802 turns).

teukkam the Shield-Bearer (Minotaur Fighter)         Turns: 802, Time: 00:03:35

Health: -1/48      AC:  9    Str: 21    XL:     5   Next: 90%
Magic:  0/4        EV:  7    Int:  5    God:
Gold:   10         SH: 10    Dex: 10    Spells: 4/4 levels left

rFire    . . .     SeeInvis .   a - +0 war axe
rCold    . . .     Gourm    .   c - +0 shield
rNeg     . . .     Faith    .   b - +0 scale mail
rPois    .         Spirit   +   (helmet restricted)
rElec    .         Reflect  .   j - scarf {Spirit}
rCorr    .         Harm     .   (no gloves)
MR       .....                  (no boots)
Stlth    ..........             (no amulet)
HPRegen  0.16/turn              (no ring)
MPRegen  0.09/turn              (no ring)

@: no status effects
A: retaliatory headbutt, horns 2, molten scales 1, blurry vision 1, MP-powered
wands
a: no special abilities


You were on level 4 of the Dungeon.
You were not hungry.

You visited 1 branch of the dungeon, and saw 4 of its levels.

You collected 10 gold pieces.

Inventory:

Hand Weapons
 a - a +0 war axe (weapon)
Armour
 b - a +0 scale mail (worn)
 c - a +0 shield (worn)
 j - a scarf of spirit shield (worn)
Comestibles
 f - a ration
 g - 2 chunks of flesh


   Skills:
 + Level 5.0 Fighting
 + Level 4.2 Axes
 + Level 5.0 Armour
 + Level 5.1 Shields


You had 4 spell levels left.
You didn't know any spells.
Your spell library was empty.

Dungeon Overview and Level Annotations

Branches:
Dungeon (4/15)
 Temple: D:4-7

Altars:
Elyvilon
Hepliaklqana
Kikubaaqudgha
Trog
Wu Jian


Innate Abilities, Weirdness & Mutations

You reflexively headbutt those who attack you in melee.
You have a pair of horns on your head.
You are partially covered in molten scales. (AC +2)
Scrolls take you a little longer to read.
You expend magic power (3 MP) to strengthen your wands.


Message History

You see here a giant cockroach corpse.
HP restored.
There is a bloodstained altar of Trog here.
Found a stone staircase leading up.
An adder and an ogre come into view.
The adder hisses angrily.
The ogre shouts!
You hit the adder. You headbutt the adder.
You kill the adder!
The ogre hits you with a +0 giant club!!
You hit the ogre but do no damage.
You headbutt the ogre, but do no damage.
The ogre hits you with a +0 giant club!!
* * * LOW HITPOINT WARNING * * *
You aren't carrying any scrolls.
It was a potion of mutation.
You feel extremely strange.
Your vision blurs.
You feel your magical essence link to your wands.
Molten scales grow over part of your body.
You barely miss the ogre. The ogre hits you with a +0 giant club!
You die...

.......###..#.......#.......#
..........'.##.....##......<#
.......####.####.####.##....#***
.......# #...........#........*
.......# ###.....##.##.###.##.#
.......# ##...##..##.# *.#*>#
.......# ##.........#**,#*,*
.......# #.O#####.###,,**,*
##.#####*** #.@# #.'_#,***,* *,*
**,****#..#***#.###,***,* **,**
*,*,,,.....,,*#..,,,,,,,* *,,,**
**,**#......*,#.##*,***** ,,,,,*
*,* ##....##*...,>,* ,,,,,****,*
##....*,..#**** ,,,,,,,,,,*
#####,*### *,,,******* *** *****


You could see an ogre.

Vanquished Creatures
  An ogre (D:4)
  A scorpion (D:4)
  A centaur skeleton (D:4)
  An iguana (D:4)
  A worker ant (D:4)
  3 adders
  2 ball pythons (D:3)
  2 giant cockroaches
  4 goblins
  2 jackals (D:4)
  3 frilled lizards
  3 kobolds (D:3)
  2 rats
26 creatures vanquished.

Notes
Turn   | Place    | Note
-------+----------+-------------------------------------------
     0 | D:1      | teukkam the Minotaur Fighter began the quest for the Orb.
     0 | D:1      | Reached XP level 1. HP: 19/19 MP: 0/0
    77 | D:2      | Reached XP level 2. HP: 21/27 MP: 1/1
   315 | D:3      | Found a white marble altar of Elyvilon.
   410 | D:4      | Found a hazy altar of Hepliaklqana.
   417 | D:4      | Reached XP level 3. HP: 26/33 MP: 0/2
   472 | D:4      | Reached XP level 4. HP: 33/41 MP: 3/3
   481 | D:4      | Noticed an ogre
   514 | D:4      | Found a bloodstained altar of Trog.
   525 | D:4      | Reached XP level 5. HP: 20/47 MP: 2/4
   582 | D:4      | Found an ornate altar of the Wu Jian Council.
   632 | D:4      | Killed an ogre
   632 | D:4      | Reached skill level 5 in Fighting
   632 | D:4      | Reached skill level 5 in Armour
   632 | D:4      | Reached skill level 5 in Shields
   685 | D:4      | Found an ancient bone altar of Kikubaaqudgha.
   782 | D:4      | Noticed an ogre
   801 | D:4      | Gained mutation: Scrolls take you a little longer to read.
                  | [potion of mutation]
   801 | D:4      | Gained mutation: You expend magic power (3 MP) to
                  | strengthen your wands. [potion of mutation]
   801 | D:4      | Gained mutation: You are partially covered in molten
                  | scales. (AC +2) [potion of mutation]
   802 | D:4      | Slain by an ogre

Skill      XL: |  1  2  3  4  5 |
---------------+----------------+-----
Shields        | 4 5 |  5.1
Fighting       | 4 5 |  5.0
Armour         | 4 5 |  5.0
Axes           | 3 4 |  4.2

Action                   |  1- 3 |  4- 6 || total
-------------------------+-------+-------++-------
Melee: War axe           |    35 |    34 ||    69
       Headbutt          |    11 |     6 ||    17
  Use: Scroll            |       |     7 ||     7
       Potion            |       |     2 ||     2
Armor: Scale mail        |    13 |    10 ||    23
Dodge: Dodged            |     8 |     4 ||    12
Block: Shield            |    19 |    20 ||    39
